 Dungeon Crawl Stone Soup version 0.31.0-32-g396128a36d (webtiles) character file.

Game seed: 6437380852946982282

176 hawla the Slasher (level 5, 0/45 HPs)
             Began as a Minotaur Monk on Apr 8, 2024.
             Slain by Natasha (2 damage)
             ... on level 3 of the Dungeon.
             The game lasted 00:04:58 (2202 turns).

hawla the Slasher (Minotaur Monk)                   Turns: 2202, Time: 00:04:59

Health: 0/45       AC: 10    Str: 16    XL:     5   Next: 30%
Magic:  4/4        EV: 10    Int:  7    God:
Gold:   45         SH:  0    Dex: 14    Spells: 4/4 levels left

rFire   . . .        a - +0 falchion
rCold   . . .        d - orb {light}
rNeg    . . .        m - +0 scale mail
rPois   .            (helmet restricted)
rElec   .            (no cloak)
rCorr   .            (no gloves)
SInv    .            (no boots)
Will    .....        (no amulet) Stlth
                     e - +4 ring of protection
HPRegen 0.27/turn    n - +4 ring of slaying
MPRegen 0.09/turn

%: no passive effects
@: glowing
A: horns 2, retaliatory headbutt
a: no special abilities


You were on level 3 of the Dungeon.
You visited 1 branch of the dungeon, and saw 3 of its levels.

You collected 241 gold pieces.
You spent 196 gold pieces at shops.

Inventory:

Hand Weapons
 a - a +0 falchion (weapon)
Armour
 d - an orb of light (worn)
 m - a +0 scale mail (worn)
Jewellery
 e - a +4 ring of protection (left hand)
 n - a +4 ring of slaying (right hand)
Wands
 j - a wand of roots (5)
Scrolls
 b - a scroll of teleportation
 p - a scroll of identify {unknown}
Potions
 c - 3 potions of lignification
 g - a potion of resistance
 i - a potion of invisibility {unknown}
 k - 2 potions of haste {unknown}
 l - a potion of mutation {unknown}


   Skills:
 - Level 3.6 Fighting
 + Level 6.5 Long Blades
 - Level 3.2 Dodging
 + Level 2.1 Evocations


You had 4 spell levels left.
You didn't know any spells.
Your spell library was empty.

Dungeon Overview and Level Annotations

Branches:
Dungeon (3/15)

Altars:

Shops:
D:3 !

Annotations:
D:3 Natasha


Innate Abilities, Weirdness & Mutations

You have a pair of horns on your head.
You reflexively headbutt those who attack you in melee.


Message History

Natasha is lightly wounded.
Natasha claws you!
You hit Natasha.
Natasha is lightly wounded.
Natasha casts a spell at you. You resist with some effort. Natasha claws you!
You are too injured to fight recklessly!
You hit Natasha but do no damage.
Natasha is lightly wounded.
Natasha barely misses you.
You hit Natasha.
Natasha is moderately wounded.
Natasha closely misses you.
You hit Natasha.
Natasha is heavily wounded.
Natasha barely misses you.
Natasha stares at you and mumbles some strange words.
The magic dart hits you.
You hit Natasha but do no damage.
Natasha is heavily wounded.
Natasha completely misses you.
You feel better. Natasha claws you. Natasha claws you!
* * * LOW HITPOINT WARNING * * *
It was a potion of resistance.
You feel protected. Natasha casts a spell at you. The magic dart hits you!
* * * LOW HITPOINT WARNING * * *
Your magical effects are unravelling.
You feel magically purged.
You feel less batty.
Your +0 falchion unmelds from your body.
Your orb of light unmelds from your body.
Your +0 scale mail unmelds from your body.
Your +4 ring of protection unmelds from your body.
Your +4 ring of slaying unmelds from your body.
You feel yourself speed up.
Your resistance to elements expires.
Natasha claws you.
You die...
Natasha curls up and begins to purr.

..##........##.####### #.#∩#.#
###..........##......######|#...#
##............######......#.#####
#..............## #.............
................#####........#...
.................#.##........#...
.................#....†......#...
......≈..≈.......#.........###...
......)≈§......h@'......#........
.......≈≈........'.........######
......≈..§.......#.)..##..##
............)....#........#
............)....#..#####.#
................###.# #.##
#..............## #.# #..##
##............## #.# ##..##
##..........### #.# ##..####


You could see Natasha.

Vanquished Creatures
  A hound (D:3)
  Terence (D:3)
  Natasha (twice) (D:3)
  An adder (D:2)
  A dart slug (D:1)
  An orc (D:3)
  5 endoplasms
  3 giant cockroaches
  12 goblins
  4 hobgoblins
  5 kobolds
  A quokka (D:3)
  9 ball pythons
  5 bats (D:1)
  3 frilled lizards
  7 rats
61 creatures vanquished.

Notes
Turn   | Place    | Note
-------+----------+-------------------------------------------
     0 | D:1      | hawla the Minotaur Monk began the quest for the Orb.
     0 | D:1      | Reached XP level 1. HP: 19/19 MP: 0/0
    92 | D:1      | Reached skill level 4 in Long Blades
   146 | D:1      | Reached XP level 2. HP: 19/26 MP: 1/1
   351 | D:1      | Reached skill level 5 in Long Blades
   468 | D:1      | Reached XP level 3. HP: 28/31 MP: 2/2
  1609 | D:3      | Noticed Terence
  1629 | D:3      | HP: 1/46 [Terence/+0 hand axe (5)]
  1640 | D:3      | Killed Terence
  1641 | D:3      | Reached skill level 6 in Long Blades
  1641 | D:3      | Reached skill level 1 in Evocations
  1641 | D:3      | Reached XP level 4. HP: 39/39 MP: 3/3
  1701 | D:3      | Noticed Natasha
  1708 | D:3      | Killed Natasha
  1811 | D:3      | Found Biliowne's Distillery.
  1815 | D:3      | Bought a potion of curing for 42 gold pieces
  1815 | D:3      | Bought a potion of cancellation for 112 gold pieces
  1815 | D:3      | Bought a potion of lignification for 42 gold pieces
  1928 | D:3      | Found a faded altar of an unknown god.
  1940 | D:3      | Reached XP level 5. HP: 45/45 MP: 4/4
  2052 | D:3      | Noticed Natasha
  2072 | D:3      | Killed Natasha
  2186 | D:3      | Noticed Natasha
  2201 | D:3      | HP: 2/45 [Natasha/magic dart (12)]
  2202 | D:3      | Slain by Natasha

Illustrated notes

Levels and vault maps discovered:
D:1:      shiori_arrival_elements, layout_loops_ring, serial_forest,
          infiniplex_forest_end_1, infiniplex_forest_straight_2,
          infiniplex_forest_diagonal, infiniplex_forest_straight_4,
          infiniplex_forest_end_2, infiniplex_forest_zigzag_2,
          infiniplex_forest_clump_tiny
D:2:      layout_loops_ring
D:3:      kennysheep_big_flooded_room, layout_rooms,
          shapermc_ecumenical_altar_mp_vishouse, serial_shops,
          nicolae_shop_back_alley_shop, minmay_distorted, uniq_natasha,
          uniq_terence

Skill      XL: |  1  2  3  4  5 |
---------------+----------------+-----
Long Blades    | 4 5 6 |  6.5
Evocations     | 1 2 |  2.1
Fighting       | |  3.6
Dodging        | |  3.2

Action                     |  1- 3 |  4- 6 || total
---------------------------+-------+-------++-------
  Melee: Falchion          |   107 |    24 ||   131
         Headbutt          |    17 |     2 ||    19
         Unarmed           |       |    22 ||    22
    Use: Potion            |     2 |     5 ||     7
         Scroll            |     1 |       ||     1
 Armour: Robe              |     5 |       ||     5
         Ring mail         |    40 |       ||    40
         Skin              |    32 |    13 ||    45
         Scale mail        |    25 |    10 ||    35
  Dodge: Dodged            |    71 |    23 ||    94
